 Dungeon Crawl Stone Soup version 0.29.1-12-g30fa7ad0bf (webtiles) character file.

Game seed: 13554356227831732139

952 Descartes the Shield-Bearer (level 8, -10/58 HPs)
             Began as a Formicid Fighter on Dec 21, 2022.
             Killed from afar by a steam dragon (16 damage)
             ... with a ball of steam
             ... on level 5 of the Dungeon.
             The game lasted 00:10:17 (5940 turns).

Descartes the Shield-Bearer (Formicid Fighter)      Turns: 5940, Time: 00:10:18

Health: -10/58     AC:  8    Str: 21    XL:     8   Next: 36%
Magic:  8/8        EV:  9    Int:  8    God:
Gold:   281        SH:  6    Dex: 15    Spells: 7/7 levels left

rFire   . . .      SeeInvis +   a - +0 war axe
rCold   + . .      Faith    .   c - +0 buckler
rNeg    . . .      Spirit   .   b - +0 scale mail
rPois   .          Reflect  .   (helmet unavailable)
rElec   .          Harm     .   (no cloak)
rCorr   .          Rampage  .   m - +0 pair of gloves
Will    +....                   (no boots)
Stlth   ..........              (no amulet)
HPRegen 0.19/turn               y - ring of protection from cold
MPRegen 0.11/turn               x - ring of willpower

@: mighty
A: permanent stasis, dig shafts and tunnels, antennae 3, four strong arms
a: Dig, Shaft Self


You were on level 5 of the Dungeon.
You visited 1 branch of the dungeon, and saw 6 of its levels.

You collected 281 gold pieces.

Inventory:

Hand Weapons
 a - a +0 war axe (weapon)
 B - a +0 giant spiked club
Missiles
 r - 9 poisoned darts
Armour
 b - a +0 scale mail (worn)
 c - a +0 buckler (worn)
 m - a +0 pair of gloves (worn)
Jewellery
 k - a +6 ring of intelligence
 x - a ring of willpower (right hand)
 y - a ring of protection from cold (left hand)
Wands
 A - a wand of flame (16)
Scrolls
 f - a scroll of blinking {unknown}
 g - a scroll of immolation {unknown}
 h - 5 scrolls of identify {unknown}
 n - 3 scrolls of enchant armour {unknown}
 p - 4 scrolls of teleportation {unknown}
 t - a scroll of fog {unknown}
 u - a scroll of poison {unknown}
 v - a scroll of enchant weapon {unknown}
 w - 2 scrolls of amnesia {unknown}
Potions
 e - 3 potions of heal wounds {unknown}
 i - a potion of cancellation {unknown}
 j - a potion of lignification {unknown}
 l - 2 potions of brilliance {unknown}
 o - 3 potions of mutation {unknown}
 s - a potion of haste {unknown}
 z - a potion of degeneration {unknown}


   Skills:
 - Level 3.2 Fighting
 + Level 4.6(5.4) Axes
 + Level 4.0(5.1) Maces & Flails
 + Level 5.6 Armour
 + Level 6.8 Shields
 + Level 2.5 Translocations


You had 7 spell levels left.
You didn't know any spells.
Your spell library contained the following spells:

 Spells                   Type           Power      Damage    Failure   Level
 Slow                     Hex            0%         N/A       78%         1
 Confusing Touch          Hex            0%         N/A       98%         3
 Vampiric Draining        Necr           0%         2d6       98%         3


Dungeon Overview and Level Annotations

Branches:
Dungeon (6/15)
 Temple: D:4-7

Altars:
Dithmenos
The Shining One

Shops:
D:3 :   D:4 =:[(


Innate Abilities, Weirdness & Mutations

You cannot be hasted, slowed, berserked, paralysed or teleported.
You can dig through walls and to a lower floor.
You have a pair of large antennae on your head. (SInv)
Your four strong arms can wield two-handed weapons with a shield.


Message History

* * * LOW HITPOINT WARNING * * *
You barely miss the steam dragon.
The steam dragon is moderately wounded.
You are engulfed in a cloud of scalding steam.
The steam dragon misses you.
The steam dragon claws you but does no damage.
You barely miss the steam dragon.
The steam dragon is moderately wounded.
You are engulfed in a cloud of scalding steam.
* * * LOW HITPOINT WARNING * * *
The steam dragon bites you but does no damage.
The steam dragon barely misses you.
You feel better.
The steam dragon bites you but does no damage.
The steam dragon closely misses you. You block the steam dragon's attack. x2
You climb upwards.
There is a stone staircase leading down here.
You feel very mighty all of a sudden.
The steam dragon bites you but does no damage.
The steam dragon claws you.
* * * LOW HITPOINT WARNING * * *
You feel better. The steam dragon barely misses you.
The steam dragon claws you but does no damage.
You barely miss the steam dragon.
The steam dragon is moderately wounded.
The steam dragon bites you but does no damage.
The steam dragon closely misses you.
You barely miss the steam dragon.
The steam dragon is moderately wounded.
The steam dragon closely misses you.
The steam dragon claws you but does no damage.
You slash the steam dragon!
The steam dragon is heavily wounded.
The steam dragon breathes steam at you. The ball of steam hits you!
* * * LOW HITPOINT WARNING * * *
The steam dragon breathes steam at you. The ball of steam hits you!
You die...

#.####.# #.# #.#.######## #.# #.#
###.#####.#.#......#
#.####.###...........#.####.#
#.##.........#####...#.# #.#
#.##.#.###....## #...#.####.#
#.##.#.# #.....# #..).....#.#
#......# ##.§.## #...#.##.#.#
####.### ##§## #####.##.#.# ###.#
#@# #......# #...# #D# ####.###
#.### ##'## #.# #.# ##...## #.#
#.# ##.....## ####.# ####.##
##.......## ##.#..#
###.....####.........####...#.#
.......>>..'.........'.......##
###.....####.........####....####


You could see a steam dragon (catching breath).

Vanquished Creatures
  Sigmund (D:2)
  A water moccasin (D:5)
  2 ogres (D:5)
  A phantom (D:5)
  Blork the orc (D:4)
  A necrophage (D:4)
  A scorpion (D:4)
  A quasit (D:5)
  An iguana (D:6)
  2 jellies
  4 gnolls (D:4)
  2 adders
  An ufetubus (D:5)
  3 worms
  4 dart slugs
  2 orcs
  6 ball pythons
  6 endoplasms
  2 giant cockroaches
  2 hobgoblins
  11 kobolds
  3 quokkas
  3 bats
  A frilled lizard (D:1)
  8 goblins
  3 rats
73 creatures vanquished.

Vanquished Creatures (others)
  7 demonic plants (D:6)
7 creatures vanquished.

Grand Total: 80 creatures vanquished

Notes
Turn   | Place    | Note
-------+----------+-------------------------------------------
     0 | D:1      | Descartes the Formicid Fighter began the quest for the Orb.
     0 | D:1      | Reached XP level 1. HP: 18/18 MP: 1/1
    56 | D:1      | Reached XP level 2. HP: 24/24 MP: 2/2
   239 | D:1      | Found a faded altar of an unknown god.
   567 | D:1      | Reached skill level 1 in Maces & Flails
   643 | D:2      | Reached XP level 3. HP: 29/29 MP: 3/3
   800 | D:2      | Noticed Sigmund
   815 | D:2      | Killed Sigmund
   816 | D:2      | Reached skill level 5 in Shields
   816 | D:2      | Reached XP level 4. HP: 35/35 MP: 4/4
   816 | D:2      | Reached XP level 5. HP: 41/41 MP: 5/5
   839 | D:2      | Reached XP level 6. HP: 47/47 MP: 6/6
  1659 | D:3      | Found Plog's Book Shoppe.
  2400 | D:4      | Found Hidghiu's Antique Armour Boutique.
  2695 | D:4      | Found Osoastri's Jewellery Emporium.
  2788 | D:4      | Reached skill level 1 in Translocations
  2883 | D:4      | Found a glowing golden altar of the Shining One.
  2894 | D:4      | Reached XP level 7. HP: 50/52 MP: 7/7
  2960 | D:4      | Noticed Blork the orc
  2980 | D:4      | HP: 1/52 [Blork the orc/+0 war axe (7)]
  2982 | D:4      | Killed Blork the orc
  2983 | D:4      | Reached skill level 5 in Armour
  2983 | D:4      | Reached skill level 6 in Shields
  3279 | D:4      | Found Elosijol's Book Shop.
  3423 | D:4      | Found Yteassud's Antique Weapon Emporium.
  3677 | D:5      | Entered Level 5 of the Dungeon
  4692 | D:5      | Identified the +4 ring mail "Vucoryno" {rF+ rC+ Slay+6}
  5033 | D:5      | Reached XP level 8. HP: 55/58 MP: 8/8
  5159 | D:6      | Found a shadowy altar of Dithmenos.
  5940 | D:5      | Killed from afar by a steam dragon

Illustrated notes

Levels and vault maps discovered:
D:1:      dpeg_arrival_shrine, layout_rooms,
          hellmonk_ecumenical_altar_inner_sanctum
D:2:      layout_loops_ring, uniq_sigmund
D:3:      layout_basic, serial_shops, nicolae_square_shop, eino_curves_01,
          minivault_14, hangedman_glass_teeth
D:4:      layout_loops_corners, lemuel_round_altar, serial_shops, shop,
          nicolae_square_shop, shop_statue, nicolae_diamond_shop,
          uniq_blork_the_orc
D:5:      layout_loops_corners
D:6:      layout_loops_ring, kennysheep_little_box, mainiacjoe_overflow_paths,
          serial_demonic, serial_demonic_b, serial_demonic_g, serial_demonic_b,
          serial_demonic_c, ebering_ghost_sewer_d, minmay_misc_feat_four_crosses

Skill      XL: |  1  2  3  4  5  6  7  8 |
---------------+-------------------------+-----
Maces & Flails | 1 2 3 4 |  4.0
Axes           | 3 4 |  4.6
Armour         | 4 5 |  5.6
Shields        | 5 6 |  6.8
Translocations | 1 2 |  2.5
Fighting       | |  3.2

Action                   |  1- 3 |  4- 6 |  7- 9 || total
-------------------------+-------+-------+-------++-------
Melee: War axe           |    45 |   101 |   111 ||   257
  Use: Potion            |     1 |       |     6 ||     7
Armor: Scale mail        |    14 |    45 |    75 ||   134
Dodge: Dodged            |    15 |    48 |    87 ||   150
Block: Buckler           |    14 |    27 |    33 ||    74
